 Dungeon Crawl Stone Soup version 0.27.1-33-g824d729ab1 (webtiles) character file.

Game seed: 15170443625267012860

2074 MisterFreud the Cleaver (level 9, -2/75 HPs)
             Began as a Minotaur Abyssal Knight on Dec 31, 2021.
             Was an Elder of Lugonu.
             Slain by an orc warrior (12 damage)
             ... on level 7 of the Dungeon.
             The game lasted 00:10:28 (7001 turns).

MisterFreud the Cleaver (Minotaur Abyssal Knight)   Turns: 7001, Time: 00:10:29

Health: -2/75      AC: 14    Str: 21    XL:     9   Next: 6%
Magic:  4/4        EV:  6    Int:  9    God:    Lugonu [****..]
Gold:   395        SH:  0    Dex: 10    Spells: 8/8 levels left

rFire    . . .     SeeInvis .   x - +7 whip "Futtugy" {antimagic, +Blink rElec rN+++ Str-5}
rCold    . . .     Faith    .   (no shield)
rNeg     + + +     Spirit   .   i - +0 plate armour
rPois    .         Reflect  .   (helmet restricted)
rElec    +         Harm     .   y - +0 cloak
rCorr    .         Rampage  .   j - +0 pair of gloves
Will     .....                  (no boots)
Stlth    ..........             (no amulet)
HPRegen  0.22/turn              f - ring of positive energy
MPRegen  0.09/turn              k - +6 ring of strength

@: no status effects
A: horns 2, retaliatory headbutt
a: Renounce Religion, Evoke Blink, Depart the Abyss, Bend Space, Banish, Corrupt


You were on level 7 of the Dungeon.
You worshipped Lugonu.
Lugonu was greatly pleased with you.
You visited 1 branch of the dungeon, and saw 7 of its levels.
You visited the Abyss 1 time.

You collected 395 gold pieces.

Inventory:

Hand Weapons
 a - a +2 hand axe
 x - the +7 whip "Futtugy" (weapon) {antimagic, +Blink rElec rN+++ Str-5}
   (You found it on level 6 of the Dungeon)

   It reduces the magical energy of the wielder, and disrupts the spells and
   magical abilities of those it strikes.
   Natural abilities and divine invocations are not affected.
   Str:       It affects your strength (-5).
   rElec:     It insulates you from electricity.
   rN:        It renders you almost immune to negative energy.
   +Blink:    It lets you blink.
Missiles
 c - 10 boomerangs
 d - 67 poisoned darts (quivered)
Armour
 b - a +0 leather armour
 i - a +0 plate armour (worn)
 j - a +0 pair of gloves (worn)
 m - a +0 chain mail
 y - a +0 cloak (worn)
Jewellery
 f - a ring of positive energy (left hand)
 k - a +6 ring of strength (right hand)
 t - a ring of ice
 w - a ring of poison resistance
Wands
 v - a wand of mindburst (14)
Scrolls
 h - 7 scrolls of teleportation
 o - a scroll of amnesia
 u - a scroll of fog
Potions
 e - 2 potions of curing
 g - a potion of haste
 l - 2 potions of heal wounds {unknown}
 n - a potion of berserk rage
 p - a potion of mutation {unknown}
 q - a potion of flight {unknown}
 r - a potion of lignification
 s - a potion of ambrosia {unknown}


   Skills:
 - Level 6.0 Fighting
 - Level 10.0(10.3) Axes
 + Level 4.1(7.6) Maces & Flails
 - Level 5.0 Armour
 - Level 1.1 Dodging
 - Level 6.0 Invocations


You had 8 spell levels left.
You didn't know any spells.
Your spell library contained the following spells:

 Spells                   Type           Power      Damage    Failure   Level
 Blink                    Tloc           N/A        N/A       100%        2
 Ignite Poison            Fire/Tmut/Pois 0%         N/A       100%        3
 Lesser Beckoning         Tloc           0%         N/A       100%        3
 Mephitic Cloud           Conj/Pois/Air  0%         N/A       100%        3
 Stone Arrow              Conj/Erth      0%         3d7       100%        3
 Animate Armour           Summ/Erth      0%         N/A       100%        4
 Bolt of Magma            Conj/Fire/Erth 0%         4d4       100%        5
 Manifold Assault         Tloc           0%         N/A       100%        5
 Lehudib's Crystal Spear  Conj/Erth      0%         10d2      100%        8


Dungeon Overview and Level Annotations

Branches:
Dungeon (7/15)             Temple (0/1) D:6

Altars:
Elyvilon
Gozag
Kikubaaqudgha
Yredelemnul
Zin

Shops:
D:2 :


Innate Abilities, Weirdness & Mutations

You have a pair of horns on your head.
You reflexively headbutt those who attack you in melee.


Message History

The orc priest closely misses you.
You barely miss the orc priest.
The orc priest is heavily wounded.
The orc priest hits you with a +1 trident of flaming!
The orc priest burns you. The orc warrior barely misses you.
The orc priest looks satisfied for a moment.
You whack the orc priest!
You kill the orc priest!
Lugonu accepts your kill.
The orc priest hits you but does no damage.
You whack the orc priest!
The orc priest is heavily wounded.
The orc warrior hits you with a +0 halberd!
The orc hits you but does no damage.
You barely miss the orc priest. You headbutt the orc priest!
The orc priest is almost dead.
The orc priest completely misses you.
The orc warrior hits you with a +0 halberd.
The orc hits you but does no damage.
You hit the orc priest.
You kill the orc priest!
Lugonu accepts your kill.
Your base Maces & Flails skill increases to level 4!
You hit the orc warrior. Your headbutt misses the orc warrior.
The orc warrior is moderately wounded.
The orc warrior hits you with a +0 halberd!
* * * LOW HITPOINT WARNING * * *
The orc hits you but does no damage.
You closely miss the orc warrior.
The orc warrior is lightly wounded.
The orc warrior hits you with a +0 halberd!
* * * LOW HITPOINT WARNING * * *
The orc hits you with a +0 dagger.
* * * LOW HITPOINT WARNING * * *
You barely miss the orc warrior. Your headbutt misses the orc warrior.
The orc warrior is lightly wounded.
The orc warrior hits you but does no damage.
You feel better. The orc hits you but does no damage.
The orc warrior hits you with a +0 halberd!
You die...

.......#..####...###.##
#......#....#†...##...#
#......^..............#
.....#...............##
.#..##..............#
##....#....#####
#...##....#
.....###...## ##.....
##o@.# ###.. #..))o#
...........
.............
.........#####
.........# ....>.....
..........


You could see an orc warrior and an orc.

Vanquished Creatures
  Duvessa (D:6)
  A water moccasin (D:5)
  An orc warrior (D:6)
  An ice beast (D:6)
  2 necrophages
  3 sky beasts
  An ogre (D:5)
  A phantom (D:6)
  A bullfrog (D:6)
  A scorpion (D:5)
  Dowan (D:6)
  2 centaur zombies
  2 bullfrog zombies
  3 hounds
  3 jellies
  2 orc priests (D:7)
  A centaur skeleton (D:5)
  2 gnoll shamans
  2 iguanas
  3 orc wizards
  A hound skeleton (D:4)
  A mummy (D:5)
  8 adders
  11 gnolls
  An adder skeleton (D:4)
  An adder zombie (D:5)
  A worm (D:3)
  5 dart slugs
  24 orcs
  6 endoplasms
  4 giant cockroaches
  3 goblins
  4 hobgoblins
  7 jackals
  3 quokkas
  8 ball pythons
  7 bats
  3 frilled lizards (D:1)
  A hobgoblin zombie (D:5)
  6 kobolds
  2 kobold zombies (D:5)
  An orc zombie (D:5)
  2 rats
144 creatures vanquished.

Notes
Turn   | Place    | Note
-------+----------+-------------------------------------------
     0 | Abyss:1  | MisterFreud the Minotaur Abyssal Knight began the quest for
                  | the Orb.
     0 | Abyss:1  | Reached XP level 1. HP: 19/19 MP: 1/1
     9 | D:1      | Escaped the Abyss
   215 | D:1      | Reached XP level 2. HP: 28/28 MP: 2/2
   665 | D:1      | Found a faded altar of an unknown god.
   716 | D:1      | Reached skill level 5 in Fighting
   790 | D:1      | Reached XP level 3. HP: 34/36 MP: 3/3
   997 | D:2      | Reached ** piety under Lugonu
  1091 | D:2      | Found Wagir's Book Emporium.
  1597 | D:2      | Reached XP level 4. HP: 40/44 MP: 4/4
  2008 | D:3      | Found a basalt altar of Yredelemnul.
  2351 | D:3      | Reached *** piety under Lugonu
  2717 | D:4      | You fall into a shaft and drop 2 floors!
  2726 | D:6      | Reached XP level 5. HP: 26/50 MP: 5/5
  2929 | D:5      | Entered Level 5 of the Dungeon
  3172 | D:5      | Reached skill level 5 in Armour
  3222 | D:5      | Reached skill level 3 in Axes
  3233 | D:6      | Noticed Duvessa
  3233 | D:6      | Noticed Dowan
  3236 | D:6      | Noticed an ice beast
  3243 | D:6      | Noticed an orc warrior
  3248 | D:6      | HP: 1/50 [hound (5)]
  3257 | D:5      | Reached skill level 4 in Axes
  3571 | D:5      | Reached XP level 6. HP: 57/57 MP: 6/6
  3592 | D:5      | Found a glowing silver altar of Zin.
  3736 | D:4      | Reached skill level 5 in Axes
  4129 | D:4      | Identified the +3 leather armour of Claustrophobia {Int+2}
  4179 | D:4      | Reached skill level 6 in Axes
  4250 | D:4      | Reached XP level 7. HP: 49/63 MP: 7/7
  4280 | D:4      | Reached skill level 7 in Axes
  5004 | D:5      | Found an opulent altar of Gozag.
  5007 | D:5      | Found an ancient bone altar of Kikubaaqudgha.
  5010 | D:5      | Found a white marble altar of Elyvilon.
  5203 | D:5      | Reached **** piety under Lugonu
  5220 | D:5      | Reached skill level 8 in Axes
  5271 | D:5      | Reached skill level 9 in Axes
  5415 | D:5      | Reached XP level 8. HP: 41/70 MP: 8/8
  5859 | D:6      | Found a staircase to the Ecumenical Temple.
  5935 | D:6      | Reached skill level 10 in Axes
  6177 | D:6      | Reached skill level 5 in Invocations
  6383 | D:6      | Identified the +7 whip "Futtugy" {antimagic, +Blink rElec
                  | rN+++ Str-5}
  6398 | D:6      | Killed Dowan
  6479 | D:6      | Killed Duvessa
  6626 | D:6      | Reached skill level 1 in Maces & Flails
  6956 | D:7      | Reached XP level 9. HP: 70/75 MP: 4/12
  6999 | D:7      | HP: 1/75 [orc (3)]
  7001 | D:7      | Slain by an orc warrior

Illustrated notes

Levels and vault maps discovered:
D:1:      dpeg_arrival_brainrot, layout_basic,
          hellmonk_ecumenical_altar_heavens_door, chequers_serial_rivers_micro_d
D:2:      layout_rooms, serial_shops, shop_statue
D:3:      layout_loops_ring, overflow_temple_1_default
D:4:      layout_basic
D:5:      minmay_general_purpose_star, layout_loops_corners,
          grunt_temple_overflow_cloverleaf, kennysheep_flooded_box,
          minmay_mini_ossuary
D:6:      layout_rooms, minmay_temple_entry_statues_fountains,
          kennysheep_generic_room_5, uniq_duvessa
D:7:      layout_cave_pools, uniq_joseph, uniq_maggie

Skill      XL: |  1  2  3  4  5  6  7  8  9 |
---------------+----------------------------+-----
Fighting       | 4 5 6 |  6.0
Armour         | 4 5 |  5.0
Axes           | 4 6 9 10 | 10.0
Invocations    | 6 |  6.0
Maces & Flails | 3 4 |  4.1
Dodging        | |  1.1

Action                   |  1- 3 |  4- 6 |  7- 9 || total
-------------------------+-------+-------+-------++-------
Melee: Hand axe          |    86 |   166 |   147 ||   399
       Headbutt          |    10 |    25 |    34 ||    69
       Whip              |       |       |    48 ||    48
Throw: Dart              |     5 |       |    22 ||    27
  Use: Scroll            |       |    12 |     2 ||    14
       Potion            |       |     1 |     1 ||     2
Armor: Leather armour    |    28 |       |       ||    28
       Chain mail        |       |    30 |       ||    30
       Plate armour      |       |   130 |    97 ||   227
Dodge: Dodged            |    58 |    54 |    64 ||   176
